 Dungeon Crawl Stone Soup version 0.30-a0-556-g0a0f5a245f (webtiles) character file.

Game seed: 2577266705428722829

27 M4edhros the Charlatan (level 3, -2/23 HPs)
             Began as an Octopode Artificer on Dec 27, 2022.
             Succumbed to an adder's poison
             ... on level 2 of the Dungeon.
             The game lasted 00:00:51 (428 turns).

M4edhros the Charlatan (Octopode Artificer)          Turns: 428, Time: 00:00:51

Health: -2/23      AC:  1    Str: 11    XL:     3   Next: 10%
Magic:  3/3        EV: 13    Int: 13    God:
Gold:   20         SH:  0    Dex: 14    Spells: 2/2 levels left

rFire   . . .      SeeInvis .      - Unarmed
rCold   . . .      Faith    .    (no shield)
rNeg    . . .      Spirit   .    (helmet restricted)
rPois   .          Reflect  .    (no amulet)
rElec   .          Harm     .    (no ring)
rCorr   .          Rampage  .    (no ring)
Will    .....                    (no ring)
Stlth   +++                      (no ring)
HPRegen 0.23/turn                (no ring)
MPRegen 0.08/turn                (no ring)
                                 (no ring)
                                 (no ring)

@: lethally poisoned (-2 -> -17), attractive
A: almost no armour, amphibious, 8 rings, camouflage 1, gelatinous body 1,
(nimble swimmer 1), tentacles
a: no special abilities


You were on level 2 of the Dungeon.
You visited 1 branch of the dungeon, and saw 2 of its levels.

You collected 20 gold pieces.

Inventory:

Jewellery
 a - a ring of ice
Wands
 b - a wand of flame (15) (quivered)
 c - a wand of charming (14)
 d - a wand of iceblast (4)
Scrolls
 e - a scroll of identify {unknown}
 g - a scroll of teleportation {unknown}


   Skills:
 + Level 1.4 Fighting
 + Level 2.6 Dodging
 + Level 2.0 Stealth
 * Level 1.3 Unarmed Combat
 + Level 3.5 Evocations


You had 2 spell levels left.
You didn't know any spells.
Your spell library contained the following spells:

 Spells                   Type           Power      Damage    Failure   Level
 Sublimation of Blood     Necr           0%         N/A       43%         2
 Wereblood                Tmut           0%         N/A       43%         2
 Summon Hydra             Summ           0%         N/A       100%        7


Dungeon Overview and Level Annotations

Branches:
Dungeon (2/15)

Altars:


Innate Abilities, Weirdness & Mutations

You cannot wear most types of armour.
You are amphibious.
You can wear up to eight rings at the same time.
Your skin changes colour to match your surroundings (Stealth+).
Your rubbery body absorbs attacks. (AC +1, EV +1)
((You are camouflaged when in or above water. (Stealth+)))
You have tentacles for arms and can constrict up to eight enemies at once.


Message History

The adder is lightly wounded.
The adder bites you.
You are poisoned.
The adder poisons you!
You tentacle-slap the adder. Your grab misses the adder.
The adder is moderately wounded.
You feel sick. The adder bites you.
You are more poisoned.
The adder poisons you!
You tentacle-slap the adder but do no damage.
You grab the adder.
The adder is moderately wounded.
You constrict the adder.
You feel very sick. The adder barely misses you.
You are too injured to fight recklessly!
You are too injured to fight recklessly!
You are too injured to fight recklessly!
You are too injured to fight recklessly!
You are too injured to fight recklessly!
You are too injured to fight recklessly!
You tentacle-slap the adder but do no damage.
The adder is moderately wounded.
You constrict the adder.
You feel sick. The adder bites you.
* * * LOW HITPOINT WARNING * * *
You are more poisoned.
The adder poisons you!
It was a potion of attraction.
You feel attractive to monsters.
You constrict the adder.
* * * LOW HITPOINT WARNING * * *
You feel very sick. The adder bites you.
* * * LOW HITPOINT WARNING * * *
You are more poisoned.
The adder poisons you! The adder closely misses you.
You barely miss the adder.
The adder is severely wounded.
You constrict the adder.
You die...

#.#.#.....#.
#.#..#######..
#.#†.#.....#.#
#.#..#.?...#.#
#.#..#.....#.#
#..#.#...!.#.#
##..##.....#.#
##..######S.#
#.......@..#
#.......####
#.....†.#
#.......#
#.......#
#........# ##.
#..........
#...
#...........
########..##
#†......#.#.
...........


You could see an adder.

Vanquished Creatures
  2 dart slugs (D:2)
  A ball python (D:1)
  An endoplasm (D:2)
  2 giant cockroaches
  4 hobgoblins (D:1)
  A quokka (D:1)
  3 bats
  2 frilled lizards
  2 kobolds (D:2)
  4 rats
22 creatures vanquished.

Vanquished Creatures (others)
  An endoplasm (D:1)
1 creature vanquished.

Grand Total: 23 creatures vanquished

Notes
Turn   | Place    | Note
-------+----------+-------------------------------------------
     0 | D:1      | M4edhros the Octopode Artificer began the quest for the
                  | Orb.
     0 | D:1      | Reached XP level 1. HP: 13/13 MP: 1/1
   106 | D:1      | Reached XP level 2. HP: 12/18 MP: 2/2
   184 | D:1      | Reached skill level 1 in Unarmed Combat
   399 | D:2      | Reached XP level 3. HP: 23/23 MP: 3/3
   428 | D:2      | Succumbed to an adder's poison

Illustrated notes

Levels and vault maps discovered:
D:1:      saegor_arrival_simple_e, layout_loops_ring
D:2:      layout_rooms, kennysheep_another_room, minmay_3d_cube

Skill      XL: |  1  2 |
---------------+-------+-----
Unarmed Combat | 1 |  1.3
Stealth        | 2 |  2.0
Fighting       | |  1.4
Dodging        | |  2.6
Evocations     | |  3.5

Action                   || total
-------------------------++-------
Melee: Unarmed           ||    53
       Constrict         ||    15
       Tentacles         ||     8
Evoke: Wand              ||     2
  Use: Potion            ||     1
 Stab: Sleeping          ||     5
Armor: Skin              ||     4
Dodge: Dodged            ||    21

Table legend: (Time is in decaauts)
 A = Elapsed time spent in this place.
 B = Non-inter-level travel time spent in this place.
 C = Inter-level travel time spent in this place.
 D = Time resting spent in this place.
 E = Time spent auto-exploring this place.
 F = Levels seen in this place.
 G = Mean time per level.
                   A        B        C        D        E       F      G
               +--------+--------+--------+--------+--------+-----+--------+
         Total |    426 |    426 |      0 |     26 |    259 |   2 |  213.0 |
       Dungeon |    426 |    426 |      0 |     26 |    259 |   2 |  213.0 |
               +--------+--------+--------+--------+--------+-----+--------+

Top non-repeatable levels by time:
     D:1: 226 daAuts
     D:2: 199 daAuts
